 Dungeon Crawl Stone Soup version 0.30-a0-1016-gfb0d676c02 (webtiles) character file.

Game seed: 7824693328347118845

710 Demosthentine the Ducker (level 7, -2/53 (55) HPs)
             Began as a Demonspawn Gladiator on Apr 6, 2023.
             Slain by a wight
             ... wielding a +4 battleaxe of freezing
              (4 damage)
             ... on level 5 of the Dungeon.
             The game lasted 00:04:52 (4120 turns).

Demosthentine the Ducker (Demonspawn Gladiator)     Turns: 4120, Time: 00:04:52

HP:   -2/53 (55)    AC:  9    Str: 17      XL:     7   Next: 40%
MP:   16/16         EV: 13    Int:  9      God:
Gold: 189           SH:  0    Dex: 13 (14) Spells: 6/6 levels left

rFire   + . .      SeeInvis .      - Unarmed
rCold   . . .      Faith    .    (no shield)
rNeg    . . .      Spirit   .    a - +1 leather armour of Wonimay {rPois MP+9}
rPois   +          Reflect  .    c - +0 helmet
rElec   .          Rampage  .    l - +1 cloak
rCorr   .                        (no gloves)
Will    .....                    (no boots)
Stlth   +                        (no amulet)
HPRegen 0.28/turn                i - ring of protection from fire
MPRegen 0.15/turn                (no ring)

@: lightly drained
A: claws 1, molten scales 1, powered by pain 1
a: no special abilities


You were on level 5 of the Dungeon.
You visited 1 branch of the dungeon, and saw 5 of its levels.

You collected 241 gold pieces.
You spent 52 gold pieces at shops.

Inventory:

Missiles
 d - 2 throwing nets (quivered)
 e - a javelin
Armour
 a - the +1 leather armour of Wonimay (worn) {rPois MP+9}
   (You found it on level 2 of the Dungeon)

   rPois:     It protects you from poison.
   MP:        It affects your magic capacity (+9).
 c - a +0 helmet (worn)
 l - a +1 cloak (worn)
Jewellery
 i - a ring of protection from fire (left claw)
Wands
 u - a wand of flame (27)
Scrolls
 f - 3 scrolls of magic mapping
 h - a scroll of silence
 t - 4 scrolls of enchant armour
 w - a scroll of fear
Potions
 b - 2 potions of haste
 g - a potion of flight
 j - a potion of lignification
 k - a potion of might
 m - a potion of ambrosia
 n - a potion of curing
 o - a potion of attraction
 p - a potion of mutation
 s - 3 potions of heal wounds
 v - a potion of brilliance {unknown}


   Skills:
 + Level 4.4 Fighting
 - Level 2.8 Polearms
 - Level 1.7 Throwing
 + Level 3.4 Armour
 + Level 4.5 Dodging
 + Level 3.3 Unarmed Combat


You had 6 spell levels left.
You didn't know any spells.
Your spell library contained the following spells:

 Spells                   Type           Power      Damage    Failure   Level
 Blink                    Tloc           0%         N/A       58%         2
 Lesser Beckoning         Tloc           0%         N/A       58%         2
 Momentum Strike          Conj/Tloc      0%         3d8       58%         2


Dungeon Overview and Level Annotations

Branches:
Dungeon (5/15)
 Temple: D:4-7

Altars:
Ru
Vehumet
Yredelemnul

Shops:
D:1 ?   D:2 !   D:3 [


Innate Abilities, Weirdness & Mutations

You have sharp fingernails.
You are partially covered in molten scales. (AC +2)
You sometimes gain a little power by taking damage.


Message History

No target in view!
Found 9 stones.
No target in view!
Found a stone staircase leading down.
No target in view!
There is a stone staircase leading down here.
You now have 189 gold pieces (gained 16).
A wight comes into view.
It is wielding a +4 battleaxe of freezing.
A wight is nearby!
A wight is nearby!
The wight barely misses you.
You scratch the wight.
The wight is moderately damaged.
The wight hits you with a +4 battleaxe of freezing!
The wight freezes you.
A wight is nearby!
You scratch the wight.
The wight is heavily damaged.
The wight closely misses you.
You scratch the wight.
The wight is severely damaged.
The wight hits you with a +4 battleaxe of freezing.
The wight freezes you.
You scratch the wight.
The wight is almost destroyed.
The wight barely misses you.
You closely miss the wight.
The wight is almost destroyed.
The wight hits you with a +4 battleaxe of freezing!!
* * * LOW HITPOINT WARNING * * *
You feel drained.
* * * LOW HITPOINT WARNING * * *
The wight freezes you.
* * * LOW HITPOINT WARNING * * *
Unknown command.
Unknown command.
You scratch the wight but do no damage.
The wight is almost destroyed.
The wight hits you with a +4 battleaxe of freezing.
You die...

#.......##.>..##..#.....
#...........#####.......
##....#.#.#...# #<##....
####.######..######.....
#.....# ........#.##.#
#...### ..##.......###
##...#####..#........#
###....#........#...###
#...@.........#.....#
.........z.......
#...).. #.##.##.##......
#...... ## ### #.....
#...... #.... ........
#####........ #........
......... ........


You could see a wight.

Vanquished Creatures
  Eustachio (D:4)
  An ogre (D:4)
  A scorpion (D:4)
  A howler monkey (D:4)
  2 hounds
  Jessica (D:3)
  An iguana (D:5)
  A sleepcap (D:4)
  An orc wizard (D:3)
  7 gnolls
  3 adders
  An ufetubus (D:5)
  4 worms
  2 dart slugs
  13 orcs
  11 ball pythons
  3 endoplasms
  A giant cockroach (D:4)
  7 hobgoblins
  2 quokkas
  8 bats
  A frilled lizard (D:3)
  4 goblins
  4 kobolds
  6 rats
87 creatures vanquished.

Vanquished Creatures (others)
  2 orc wizards (D:3)
2 creatures vanquished.

Grand Total: 89 creatures vanquished

Notes
Turn   | Place    | Note
-------+----------+-------------------------------------------
     0 | D:1      | Demosthentine the Demonspawn Gladiator began the quest for
                  | the Orb.
     0 | D:1      | Reached XP level 1. HP: 16/16 MP: 1/1
   167 | D:1      | Found Balim's Magic Scroll Shop.
   297 | D:1      | Gained mutation: You have sharp fingernails. [demonic
                  | ancestry]
   297 | D:1      | Reached XP level 2. HP: 22/22 MP: 2/2
   757 | D:2      | Identified the +1 leather armour of Wonimay {rPois MP+9}
   891 | D:2      | Reached skill level 1 in Armour
   938 | D:2      | Reached XP level 3. HP: 19/28 MP: 3/3
  1162 | D:2      | Found Kuwina's Distillery.
  1165 | D:2      | Bought a potion of curing for 39 gold pieces
  1165 | D:2      | Bought a potion of degeneration for 13 gold pieces
  1582 | D:3      | Reached skill level 1 in Unarmed Combat
  1593 | D:3      | Noticed Jessica
  1625 | D:3      | Reached XP level 4. HP: 23/34 MP: 4/4
  1657 | D:3      | Killed Jessica
  1662 | D:3      | Reached XP level 5. HP: 17/41 MP: 5/5
  1802 | D:3      | Found a radiant altar of Vehumet.
  2248 | D:3      | Found Gosyuc's Armour Shoppe.
  2931 | D:4      | Gained mutation: You sometimes gain a little power by
                  | taking damage. [demonic ancestry]
  2931 | D:4      | Reached XP level 6. HP: 31/47 MP: 6/6
  3075 | D:4      | Found a sacrificial altar of Ru.
  3077 | D:4      | Found a basalt altar of Yredelemnul.
  3254 | D:4      | Gained mutation: You are partially covered in molten
                  | scales. (AC +2) [demonic ancestry]
  3254 | D:4      | Reached XP level 7. HP: 37/54 MP: 7/7
  3695 | D:4      | Noticed Eustachio
  3730 | D:4      | Killed Eustachio
  3955 | D:5      | Entered Level 5 of the Dungeon
  4119 | D:5      | HP: 1/53 [wight/+4 battleaxe of freezing (6)]
  4120 | D:5      | Slain by a wight

Illustrated notes

Levels and vault maps discovered:
D:1:      dpeg_arrival_three_same_balls, layout_basic, serial_shops,
          nicolae_shop_advertising_works [nicolae_subvault_shop_adworks],
          minmay_pentomino_t4
D:2:      layout_basic, serial_shops, nicolae_shop_behind_doors
D:3:      layout_basic, vehumet_altar_wand_db, serial_shops, shop, uniq_jessica
D:4:      layout_basic, minitemple, kennysheep_decorative_pillar, uniq_eustachio
D:5:      layout_cave_pools, minmay_manual_macuahuitl

Skill      XL: |  1  2  3  4  5  6  7 |
---------------+----------------------+-----
Dodging        | 3 4 |  4.5
Armour         | 1 2 3 |  3.4
Unarmed Combat | 1 2 3 |  3.3
Fighting       | 3 4 |  4.4
Polearms       | |  2.8
Throwing       | |  1.7

Action                     |  1- 3 |  4- 6 |  7- 9 || total
---------------------------+-------+-------+-------++-------
  Melee: Trident           |    11 |       |       ||    11
         Unarmed           |   140 |   241 |    59 ||   440
         Punch             |       |     4 |     2 ||     6
  Throw: Throwing net      |       |     4 |       ||     4
    Use: Scroll            |     7 |     6 |     2 ||    15
         Potion            |       |     2 |     1 ||     3
   Stab: Sleeping          |     3 |       |       ||     3
         Held in net/web   |       |     1 |       ||     1
 Armour: Leather armour    |    70 |    63 |    45 ||   178
  Dodge: Dodged            |   101 |   149 |    94 ||   344

Table legend: (Time is in decaauts)
 A = Elapsed time spent in this place.
 B = Non-inter-level travel time spent in this place.
 C = Inter-level travel time spent in this place.
 D = Time resting spent in this place.
 E = Time spent auto-exploring this place.
 F = Levels seen in this place.
 G = Mean time per level.
                   A        B        C        D        E       F      G
               +--------+--------+--------+--------+--------+-----+--------+
         Total |   4106 |   4015 |     91 |    242 |   2894 |   5 |  821.2 |
       Dungeon |   4106 |   4015 |     91 |    242 |   2894 |   5 |  821.2 |
               +--------+--------+--------+--------+--------+-----+--------+

Top non-repeatable levels by time:
     D:4: 1268 daAuts
     D:3: 1111 daAuts
     D:2: 890 daAuts
     D:1: 672 daAuts
     D:5: 162 daAuts
